Map: Stasis LE

Players

FadingLight

  • Race: Terran Terran
  • League: Platinum
  • Spawn Location: 1:00

Ackbar - Winner!

  • Race: Protoss Protoss
  • League: Platinum
  • Spawn Location: 11:00

VOD

Have the link to the VOD?

Description

Time

  • Played on: Nov. 30, 2018, 12:12 a.m.
  • Length: 21:44
Show
View Real Time Build Order
Export as new Build Order

FadingLight Terran 

Build Orders: Reaper Expand 

Get SALT Encoding   

  12  0:01  SCV  
  13  0:13  SCV  
  14  0:18  Supply Depot  
  14  0:25  SCV  
  15  0:40  SCV  
  15  0:41  Barracks  
  16  0:45  Refinery  
  16  0:52  SCV  
  17  1:04  SCV  
  18  1:17  SCV  
  19  1:30  Reaper, Orbital Command  
  20  1:50  Command Center  
  20  2:04  Barracks Reactor, Supply Depot  
  20  2:07  Refinery  
  20  2:15  SCV  
  21  2:28  SCV  
  22  2:31  Factory  
  22  2:40  Bunker, SCV  
  22  2:42  Marine x2  
  25  2:53  Engineering Bay  
  25  3:02  Orbital Command  
  25  3:03  SCV  
  26  3:06  Marine  
  27  3:15  SCV, Factory Tech Lab  
  27  3:16  Starport  
  28  3:23  Missile Turret  
  28  3:28  Missile Turret  
  28  3:29  Marine  
  29  3:36  Supply Depot  
  29  3:46  Barracks  
  30  3:48  SCV x2  
  30  3:50  Marine x2  
  30  3:53  Factory Reactor  
  33  4:02  Banshee  
  33  4:03  SCV  
  37  4:14  SCV  
  37  4:15  Marine x2  
  40  4:19  SCV  
  40  4:20  Barracks  
  41  4:28  SCV  
  41  4:30  Cloaking Field  
  42  4:31  SCV  
  42  4:34  Marine x2  
  45  4:40  SCV  
  45  4:43  Factory Reactor  
  45  4:44  SCV  
  47  4:52  SCV  
  48  4:53  Reaper  
  48  4:55  Marine x2  
  48  4:56  SCV  
  52  5:04  SCV  
  53  5:12  Marine  
  54  5:15  Barracks Tech Lab  
  54  5:19  Supply Depot  
  54  5:28  Banshee  
  54  5:35  Stimpack  
  54  5:40  Marine x2, SCV x2  
  54  5:42  Supply Depot  
  58  5:46  Missile Turret  
  58  5:48  Missile Turret  
  58  5:50  Missile Turret  
  58  5:51  Missile Turret  
  58  5:52  Missile Turret  
  58  5:53  SCV x2  
  60  5:57  Marine  
  60  5:58  Marine  
  60  6:04  Supply Depot, Marauder  
  64  6:05  SCV  
  64  6:07  Marine x2, Supply Depot  
  67  6:16  SCV  
  67  6:17  Command Center  
  68  6:19  Marine x2, Refinery  
  68  6:21  Refinery  
  70  6:26  Medivac x2  
  74  6:33  SCV  
  75  6:51  Marine  
  75  6:52  Marine x2, Marauder, Siege Tank  
  75  6:53  Marine, SCV  
  85  6:57  Supply Depot  
  82  7:05  Liberator  
  82  7:13  Marauder  
  84  7:22  Marine x2  
  87  7:23  Marine  
  87  7:26  SCV, Terran Infantry Weapons Level 1, Supply Depot  
  87  7:29  Engineering Bay  
  91  7:35  Marauder  
  93  7:39  Armory  
  93  7:47  Supply Depot  
  93  7:49  Supply Depot  
  93  7:52  Marine x2  
  93  7:53  Marine x2, Siege Tank  
  93  7:54  SCV  
  101  8:01  Barracks  
  101  8:04  Barracks  
  101  8:05  Barracks  
  101  8:06  Barracks  
  101  8:10  Marine x3  
  101  8:11  SCV x3  
  107  8:19  Marine x2  
  109  8:23  SCV  
  110  8:28  Marine, Marauder  
  110  8:33  Siege Tank  
  116  8:38  Marine x2  
  118  8:43  SCV  
  119  8:49  Marauder  
  119  8:50  Planetary Fortress  
  119  8:52  Marine  
  119  8:53  Barracks Tech Lab  
  119  8:55  Barracks Reactor  
  122  8:57  Barracks Tech Lab  
  122  8:58  Barracks Tech Lab  
  122  9:11  Marauder  
  104  9:24  Marine x4  
  104  9:25  Marauder x3  
  101  9:32  Marauder  
  101  9:37  Marine x2  
  101  9:38  Siege Tank  
  104  9:42  Marine  
  105  9:46  Marauder x2  
  105  9:47  Marine x2, Marauder  
  113  9:54  Marauder  
  113  9:57  Marine x2  
  112  10:07  Marine x2, Marauder  
  112  10:08  Marauder  
  112  10:09  Marauder  
  112  10:10  Siege Tank  
  114  10:15  Marauder  
  114  10:18  SCV  
  114  10:19  Marine x4  
  117  10:25  Marine x2  
  113  10:28  Marine  
  113  10:29  Marine  
  113  10:30  Marine  
  109  10:36  Marine x2  
  109  10:37  Marine x3  
  114  10:43  Marine x2  
  114  10:46  Marine x2  
  114  10:47  Marine, Supply Depot, Terran Infantry Weapons Level 2  
  114  10:48  Terran Infantry Armor Level 1  
  117  10:54  Marine  
  118  11:00  Marine x3  
  118  11:01  Marine x3  
  118  11:04  Marine x2  
  124  11:06  Medivac  
  124  11:07  Medivac  
  124  11:08  SCV  
  124  11:10  SCV  
  132  11:11  SCV  
  133  11:20  SCV  
  134  11:25  Marine  
  134  11:26  Marine x4  
  134  11:27  Refinery  
  139  11:35  Supply Depot  
  139  11:36  Medivac  
  141  11:41  Supply Depot x2  
  141  11:52  Marine x3, Marauder  
  141  11:53  Marauder  
  148  12:06  Marine x2  
  148  12:07  Marauder  
  77  12:23  Thor  
  77  12:29  Marine x2  
  85  12:31  Factory  
  85  12:34  Marine x5  
  85  12:35  Marine, Factory  
  89  12:49  Medivac  
  91  12:53  Marauder  
  91  12:58  Marine x8  
  95  12:59  Marine  
  95  13:02  SCV  
  103  13:06  Thor  
  103  13:10  Refinery  
  109  13:14  Marine, Factory Reactor  
  109  13:15  Marine  
  109  13:16  Marine x4  
  109  13:18  Barracks  
  115  13:28  Terran Infantry Armor Level 2, Terran Infantry Weapons Level 3  
  115  13:29  Terran Vehicle And Ship Armor Level 1  
  115  13:31  Factory Reactor  
  115  13:48  Marine x2  
  115  13:49  Thor  
  115  13:52  Widow Mine x2  
  127  14:10  Marine, Widow Mine x2  
  127  14:11  Marine x6  
  127  14:12  Command Center  
  138  14:29  Marine x7  
  138  14:30  Widow Mine  
  138  14:31  Widow Mine  
  149  14:40  Thor  
  155  15:06  Marine  
  156  15:08  Widow Mine  
  156  15:09  Widow Mine x3  
  163  15:22  Command Center  
  145  15:49  Marine x2  
  132  15:50  Widow Mine x3  
  132  15:51  Widow Mine x2  
  94  16:09  Marine  
  94  16:10  Marine x9  
  91  16:12  Widow Mine x3  
  97  16:20  Ghost Academy  
  97  16:23  Ghost Academy  
  97  16:26  Ghost Academy  
  97  16:27  Marine  
  97  16:28  Marine x4  
  102  16:33  Orbital Command  
  102  16:39  Planetary Fortress  
  96  17:06  Widow Mine  
  96  17:07  Marine, Widow Mine x3  
  96  17:08  Marine x9, Widow Mine  
  110  17:15  Nuke  
  116  17:18  Nuke  
  116  17:25  Marine  
  116  17:26  Marine x3, Ghost x3  
  116  17:27  Drilling Claws  
  126  17:35  SCV  
  126  17:36  SCV x3  
  126  17:37  SCV  
  131  17:47  SCV  
  131  17:51  Refinery x2  
  131  18:24  Ghost x3  
  131  18:25  Ghost  
  131  18:26  Marine x2  
  141  18:27  Marine  
  141  18:30  Nuke  
  142  18:41  Marine x3  
  144  18:44  Marine x2  
  144  18:45  Marine  
  148  18:53  Ghost x4  
  156  18:58  Marine  
  156  18:59  Marine x2  
  156  19:02  Marine x2  
  161  19:11  Terran Vehicle And Ship Armor Level 2  
  161  19:18  Armory  
  161  19:21  Ghost x2  
  87  20:02  Marine x2  
  87  20:03  Marine x6  
  87  20:04  Marine x2  
  97  20:08  Widow Mine  
  97  20:10  Widow Mine x3  
  97  20:11  Widow Mine  
  107  20:20  Marine x2  
  107  20:21  Marine x4  
  91  20:27  Marine x4  
  97  20:29  Widow Mine  
  97  20:31  Widow Mine  
  97  20:32  Widow Mine x3  
  107  20:38  Marine x4  
  107  20:39  Marine x2  
  107  20:41  Medivac  
  107  20:42  Medivac  
  117  20:44  Marine  
  117  20:45  Marine x3  
  121  20:56  Marine x5  
  121  20:57  Marine  
  126  21:02  Marine  
  126  21:03  Marine x3  
  131  21:11  Medivac x2  
  131  21:14  Marine x6  
  141  21:20  Marine  
Show
View Real Time Build Order
Export as new Build Order

Ackbar Protoss - Winner!

Build Orders: Phoenix Opening, Carriers 

Get SALT Encoding   

  12  0:01  Probe  
  13  0:14  Probe  
  13  0:15  Pylon  
  14  0:22  Probe  
  15  0:32  Probe  
  16  0:40  Gateway  
  16  0:44  Probe  
  17  0:52  Assimilator  
  17  0:54  Probe  
  18  0:59  Assimilator  
  18  1:02  Probe  
  18  1:11  Probe  
  20  1:23  Probe  
  21  1:32  Cybernetics Core  
  21  1:35  Probe  
  22  1:43  Pylon  
  22  1:47  Probe  
  23  2:01  Probe  
  24  2:14  Stargate  
  24  2:16  Stalker  
  24  2:22  Stargate  
  25  2:30  Probe  
  25  2:31  Pylon  
  26  2:43  Probe  
  27  3:05  Phoenix  
  29  3:10  Probe  
  30  3:15  Pylon  
  30  3:22  Probe  
  30  3:25  Stalker  
  33  3:27  Nexus  
  33  3:29  Phoenix  
  33  3:33  Pylon  
  36  3:34  Probe  
  36  3:46  Probe  
  37  3:54  Phoenix  
  39  3:58  Forge  
  39  4:03  Probe  
  40  4:11  Pylon  
  40  4:13  Shield Battery  
  40  4:15  Probe  
  41  4:27  Probe, Phoenix  
  44  4:39  Probe  
  44  4:41  Probe  
  44  4:44  Photon Cannon  
  46  4:50  Probe  
  46  4:51  Probe, Photon Cannon  
  47  4:58  Probe  
  47  4:59  Probe  
  48  5:06  Probe  
  50  5:08  Probe  
  50  5:09  Shield Battery  
  50  5:12  Pylon  
  52  5:19  Photon Cannon  
  49  5:42  Probe x2  
  51  5:43  Pylon  
  51  5:48  Robotics Facility  
  51  5:50  Probe  
  51  5:53  Assimilator  
  51  5:55  Probe  
  53  5:57  Assimilator  
  53  6:05  Photon Cannon  
  53  6:08  Shield Battery  
  53  6:15  Probe x2  
  53  6:16  Pylon  
  55  6:27  Probe x2  
  57  6:39  Probe x2  
  57  6:41  Photon Cannon  
  57  6:42  Observer  
  54  6:48  Photon Cannon  
  51  7:04  Probe x2  
  53  7:16  Probe x2  
  53  7:20  Photon Cannon  
  55  7:25  Shield Battery  
  55  7:28  Pylon  
  55  7:34  Shield Battery  
  55  7:36  Protoss Air Weapons Level 1  
  55  7:38  Observer, Protoss Shields Level 1  
  55  7:42  Void Ray  
  55  7:43  Probe x2  
  58  7:55  Probe x2  
  64  8:01  Nexus  
  64  8:07  Probe x2  
  64  8:08  Stargate x2  
  65  8:25  Void Ray  
  68  8:39  Photon Cannon  
  68  8:40  Pylon  
  68  8:43  Shield Battery  
  68  8:45  Photon Cannon x2  
  68  8:51  Observer  
  69  9:08  Void Ray x3  
  69  9:51  Void Ray  
  71  9:58  Void Ray x2  
  79  10:27  Void Ray  
  79  10:32  Void Ray x2  
  91  10:48  Protoss Air Armor Level 1  
  91  11:01  Observer  
  92  11:06  Void Ray  
  96  11:14  Void Ray x2  
  104  11:19  Nexus  
  104  11:20  Pylon  
  104  11:22  Pylon  
  104  11:23  Pylon  
  104  11:31  Fleet Beacon  
  104  11:33  Pylon  
  104  11:45  Pylon  
  104  11:48  Assimilator  
  104  11:49  Void Ray  
  104  11:50  Assimilator  
  104  11:53  Photon Cannon  
  108  11:56  Void Ray, Photon Cannon x2  
  108  11:59  Shield Battery  
  112  12:02  Shield Battery  
  90  12:31  Protoss Air Weapons Level 2  
  90  12:43  Probe x3  
  93  12:46  Void Ray x3  
  105  12:55  Probe x3  
  108  12:58  Twilight Council  
  108  13:03  Pylon  
  108  13:07  Probe  
  109  13:16  Pylon  
  109  13:17  Pylon  
  109  13:18  Shield Battery  
  109  13:20  Photon Cannon  
  109  13:21  Probe  
  110  13:40  Protoss Shields Level 2  
  110  13:41  Shield Battery x2  
  110  13:43  Carrier x2, Shield Battery  
  110  13:44  Pylon  
  122  14:04  Probe  
  123  14:11  Photon Cannon  
  123  14:13  Shield Battery  
  123  14:14  Pylon  
  123  14:18  Photon Cannon  
  123  14:34  Carrier  
  123  14:36  Observer  
  130  14:40  Protoss Air Armor Level 2  
  130  14:48  Stargate  
  130  14:56  Stargate  
  130  14:58  Pylon  
  115  16:01  Carrier x3  
  121  16:19  Void Ray  
  121  16:22  Tempest  
  130  16:36  Observer  
  131  16:57  Observer  
  132  17:05  Void Ray x2  
  140  17:14  Nexus  
  140  17:17  Pylon  
  140  17:18  Photon Cannon x2  
  140  17:19  Photon Cannon, Pylon  
  140  17:20  Pylon  
  140  17:22  Shield Battery  
  140  17:26  Shield Battery  
  140  17:27  Pylon  
  140  17:36  Photon Cannon  
  140  17:39  Photon Cannon  
  139  18:22  Carrier  
  139  18:23  Carrier x2  
  157  18:31  Photon Cannon  
  157  18:32  Shield Battery  
  157  18:38  Probe x3  
  157  18:39  Probe  
  161  18:49  Assimilator  
  161  18:54  Protoss Shields Level 3, Probe x4, Assimilator  
  165  18:57  Protoss Air Weapons Level 3  
  165  19:01  Tempest  
  170  19:05  Observer  
  171  19:21  Observer  
  171  19:26  Tempest  
  177  19:32  Tempest  
  181  19:48  Observer  
  173  20:13  Carrier  
  173  20:14  Void Ray x2  
  187  20:50  Pylon  
  187  20:52  Pylon  
  187  20:55  Photon Cannon  
  187  20:56  Photon Cannon  
  187  20:59  Photon Cannon  
  187  21:00  Photon Cannon  
  187  21:02  Pylon  
  187  21:05  Pylon x2  
  187  21:10  Photon Cannon  
Tags
 
Add a new tag
Caveats
  • Supply blocks, unpowered buildings, or Contaminate may cause inaccurate times.
  • Supply counts are checked every 10 seconds.